Construct Weapon Support Center
Selects Airborne Battlegroup
Selects Heavy Machine Gun Paradrop
Selects Smoke Bombing Run
Heavy Machine Gun Paradrop
Heavy Machine Gun Paradrop
Selects Paratrooper Squad Paradrop
Paratrooper Squad Paradrop
Selects Anti-tank Gun Team Paradrop
Heavy Machine Gun Paradrop
Selects Paradrop Reinforcements
Grasshopper High-Altitude Recon Run
Grasshopper High-Altitude Recon Run
Selects Dual P-47 Rocket Strike
Grasshopper High-Altitude Recon Run
Paratrooper Squad Paradrop